 Dungeon Crawl Stone Soup version 0.23.0-33-g5e6c059 (webtiles) character file.

Game seed: 17986482179480750063

79 Kairos the Shield-Bearer (level 4, -2/24 HPs)
             Began as a Vine Stalker Fighter on Feb 26, 2019.
             Slain by a gnoll
             ... wielding a +0 flail
              (5 damage)
             ... on level 2 of the Dungeon.
             The game lasted 00:01:29 (1364 turns).

Kairos the Shield-Bearer (Vine Stalker Fighter)     Turns: 1364, Time: 00:01:30

Health: -2/24      AC:  6    Str: 20    XL:     4   Next: 38%
Magic:  0/5        EV:  7    Int:  8    God:
Gold:   130        SH:  9    Dex: 13    Spells: 3/3 levels left

rFire    . . .     SeeInvis .   a - +0 war axe
rCold    . . .     Gourm    .   c - +0 shield
rNeg     . . .     Faith    .   b - +0 scale mail
rPois    .         Spirit   +   (no helmet)
rElec    .         Reflect  .   (no cloak)
rCorr    .         Harm     .   (no gloves)
MR       .....                  (no boots)
Stlth    ..........             (no amulet)
HPRegen  0.48/turn              (no ring)
MPRegen  0.09/turn              (no ring)

@: no status effects
A: fangs 2, regeneration 1, magic shield, antimagic bite, no potion heal 3, rot
immunity
a: no special abilities


You were on level 2 of the Dungeon.
You were hungry.

You visited 1 branch of the dungeon, and saw 3 of its levels.

You collected 130 gold pieces.

Inventory:

Hand Weapons
 a - a +0 war axe (weapon)
Armour
 b - a +0 scale mail (worn)
 c - a +0 shield (worn)
Scrolls
 e - 2 scrolls of remove curse {unknown}
 i - a scroll of teleportation
Potions
 d - a potion of might
 g - a potion of agility
 h - 2 potions of flight {unknown}
 j - 3 potions of lignification {unknown}
 k - 3 potions of cancellation {unknown}
 l - a potion of invisibility {unknown}
 m - 2 potions of curing {unknown}
Comestibles
 f - 5 rations


   Skills:
 + Level 3.1 Fighting
 + Level 2.5 Axes
 + Level 3.0 Armour
 + Level 3.3 Shields


You had 3 spell levels left.
You didn't know any spells.
Your spell library contained the following spells:

 Spells                   Type           Power        Failure   Level  Hunger
 Confusing Touch          Hex            #.....       99%         1    ##.....
 Confuse                  Hex            #.......     100%        3    ####...
 Gell's Gravitas          Tloc           #.........   100%        3    ####...
 Petrify                  Tmut/Erth      #.......     100%        4    #####..
 Metabolic Englaciation   Hex/Ice        #.........   100%        5    ######.
 Yara's Violent Unravell  Hex/Tmut       #.........   100%        5    ######.


Dungeon Overview and Level Annotations

Branches:
Dungeon (3/15)

Altars:


Innate Abilities, Weirdness & Mutations

You have extremely sharp teeth.
Your natural rate of healing is unusually fast.
When hurt, damage is shared between your health and your magic reserves.
Your bite disrupts and absorbs the magic of your enemies.
Potions cannot restore your health.
You are immune to rotting.


Message History

You hit the gnoll. You block the gnoll's attack. x2
The gnoll hits you with a +0 flail!
Unknown command.
You are too injured to fight recklessly!
Unknown command.
You are too injured to fight recklessly!
Unknown command.
You are too injured to fight recklessly!
You are too injured to fight recklessly!
Unknown command.
You hit the gnoll but do no damage.
The gnoll is severely wounded.
You closely miss the gnoll. The gnoll hits you but does no damage.
The gnoll hits you with a +0 flail. The gnoll barely misses you.
You barely miss the gnoll.
The gnoll is severely wounded.
You hit the gnoll. The gnoll hits you with a +0 flail!
* * * LOW HITPOINT WARNING * * *
The gnoll hits you with a +0 flail.
You die...

..............................#
######............##########..#
#.....................#..#
######............########.#..#
.............####.# #.#..#
....#######..# #.########.#..#
###.#...# #..# #..........#..#
###.#.#.###..###############..#
...............g@g..÷......#..#
###.#.........##†#########.#..#
....###.#####.##.#########.#..##
....#......................#...#
....##########.#.###########†###
###.# #...............# #.####
##..###########.#
#.##.########...# #.#
#...............# #.#


You could see 2 gnolls.

Vanquished Creatures
  Terence (D:2)
  A gnoll (D:2)
  An ooze (D:1)
  A worm (D:2)
  A dart slug (D:1)
  2 leopard geckos (D:1)
  4 bats
  A giant cockroach (D:1)
  7 goblins
  5 hobgoblins
  2 quokkas (D:2)
  A frilled lizard (D:2)
  2 kobolds
  4 rats (D:1)
33 creatures vanquished.

Notes
Turn   | Place    | Note
-------+----------+-------------------------------------------
     0 | D:1      | Kairos the Vine Stalker Fighter began the quest for the
                  | Orb.
     0 | D:1      | Reached XP level 1. HP: 11/11 MP: 2/2
    69 | D:1      | Reached XP level 2. HP: 14/16 MP: 3/3
   267 | D:1      | Reached XP level 3. HP: 19/19 MP: 4/4
   776 | D:2      | Noticed Terence
   782 | D:2      | Killed Terence
   782 | D:2      | Gained mutation: Your natural rate of healing is unusually
                  | fast. [Vine Stalker growth]
   782 | D:2      | Reached XP level 4. HP: 24/24 MP: 5/5
  1364 | D:2      | Slain by a gnoll

Skill      XL: |  1  2  3  4 |
---------------+-------------+-----
Shields        | 3 |  3.3
Fighting       | 3 |  3.1
Axes           | 2 |  2.5
Armour         | 3 |  3.0

Action                   |  1- 3 |  4- 6 || total
-------------------------+-------+-------++-------
Melee: War axe           |    52 |    34 ||    86
       Bite              |    10 |     7 ||    17
  Use: Scroll            |     2 |       ||     2
  Eat: Chunk             |       |     1 ||     1
Armor: Scale mail        |    19 |    20 ||    39
Dodge: Dodged            |    20 |    17 ||    37
Block: Shield            |    23 |    32 ||    55
